[Event "ICC tourney 2594 (40 10)"]
[Site "Internet Chess Club"]
[Date "2021.06.05"]
[Round "1"]
[White "LIAO, CONNOR:che2468"]
[Black "WU, JONATHAN ZUANXU:wulovechess"]
[Result "0-1"]
[ICCResult "White checkmated"]
[WhiteElo "1398"]
[BlackElo "1588"]
[Opening "Queen's pawn game"]
[ECO "D05"]
[NIC "QP.08"]
[Time "12:06:43"]
[PlyCount "138"]
[TimeControl "2400+10"]

1. d4 d5 2. Nf3 Nf6 3. e3 e6 4. b3 Nbd7 5. Bb2 c5 6. Bd3 Bd6 7. Nbd2 O-O 8.
O-O b6 9. Ne5 Qc7 10. f4 Bxe5 11. fxe5 Ne8 12. Nf3 f6 13. Qe2 f5 14. Ng5
Nb8 15. Qh5 g6 16. Qh6 Qg7 17. Qxg7+ Nxg7 18. c4 Bb7 19. cxd5 Bxd5 20. Bc4
h6 21. Bxd5 exd5 22. Nh3 g5 23. Nf2 Ne6 24. Nd1 Na6 25. Nc3 Nb4 26. Nxd5
Nxd5 27. Rfe1 f4 28. e4 Ne3 29. d5 Nc2 30. dxe6 Nxe1 31. Rxe1 Rfe8 32. Rd1
Rxe6 33. Rd5 Ree8 34. Kf2 Rad8 35. Ke2 Rxd5 36. exd5 Kf7 37. Kd3 g4 38. Ke4
Rd8 39. d6 h5 40. Kxf4 Ke6 41. Ke4 Rf8 42. Ke3 Rf1 43. h3 gxh3 44. gxh3 Rh1
45. Kf3 Rxh3+ 46. Kg2 Rd3 47. Ba1 Rd2+ 48. Kg3 Rxa2 49. Bc3 Ra3 50. Bd2
Rxb3+ 51. Kh4 a5 52. Kxh5 a4 53. Bc1 a3 54. Bxa3 Rxa3 55. Kg4 Rd3 56. Kf4
Rd4+ 57. Ke3 b5 58. d7 Kxd7 59. e6+ Kxe6 60. Ke2 b4 61. Kf3 b3 62. Kf2 b2
63. Kf3 b1=Q 64. Ke3 Qb3+ 65. Ke2 Qd3+ 66. Kf2 Rf4+ 67. Kg2 Qf3+ 68. Kg1
Qg3+ 69. Kh1 Rh4# { White checkmated } 0-1

[Event "ICC tourney 2594 (40 10)"]
[Site "Internet Chess Club"]
[Date "2021.06.05"]
[Round "1"]
[White "LING, CHENXUAN:UnicornMM"]
[Black "BRUDNO, STEPHEN:StevChess01"]
[Result "1-0"]
[ICCResult "Black checkmated"]
[WhiteElo "1045"]
[BlackElo "1576"]
[Opening "King's Indian: East Indian defense"]
[ECO "A48"]
[NIC "QP.06"]
[Time "12:06:43"]
[PlyCount "73"]
[TimeControl "2400+10"]

1. d4 Nf6 2. Nf3 g6 3. Nbd2 d5 4. e3 Bg7 5. b3 O-O 6. h3 b6 7. Bb2 c5 8.
Bd3 Ba6 9. Bxa6 Nxa6 10. O-O e6 11. Ne5 Rc8 12. f4 Nb4 13. a3 Nc6 14. Ndf3
cxd4 15. exd4 Nxe5 16. Nxe5 Ne4 17. Qd3 Nd6 18. Rae1 Qc7 19. Rc1 f6 20. Nf3
Qd7 21. c4 Ne4 22. Nd2 f5 23. Nf3 Rfe8 24. Ne5 Bxe5 25. fxe5 Rf8 26. Rc2
Rcd8 27. Rfc1 Rc8 28. b4 Rfd8 29. cxd5 exd5 30. Qb3 Rxc2 31. Qxc2 Kf7 32.
Qc7 Ke8 33. e6 Qxe6 34. Rc6 Qd7 35. Qe5+ Kf8 36. Rc7 Qd6 37. Qh8# { Black
checkmated } 1-0

[Event "ICC tourney 2594 (40 10)"]
[Site "Internet Chess Club"]
[Date "2021.06.05"]
[Round "1"]
[White "BONDALAPATI, SRI VIBHAV:Vibhu11"]
[Black "RAVIND G N, RICNESH:RickyCarlsen"]
[Result "0-1"]
[ICCResult "White checkmated"]
[WhiteElo "1482"]
[BlackElo "1700"]
[Opening "Scandinavian (center counter) defense"]
[ECO "B01"]
[NIC "VO.17"]
[Time "11:33:29"]
[PlyCount "176"]
[TimeControl "2400+10"]

1. e4 d5 2. exd5 Qxd5 3. Nf3 Bg4 4. Be2 Nf6 5. O-O e6 6. Nc3 Qd6 7. h3 Bh5
8. b3 c6 9. a4 Qc7 10. Bb2 Bd6 11. Nd4 Bg6 12. d3 Nbd7 13. a5 a6 14. Nb1
O-O 15. Nd2 Rfe8 16. Nc4 Bc5 17. Nf3 e5 18. Nfd2 e4 19. dxe4 Nxe4 20. Nxe4
Rxe4 21. Bd3 Re6 22. Kh1 Rae8 23. Qf3 Bxd3 24. Qxd3 Bf8 25. Qg3 Qxg3 26.
fxg3 Re2 27. Rad1 Nc5 28. Rd2 Ne4 29. Rxe2 Nxg3+ 30. Kg1 Nxe2+ 31. Kh2 Bc5
32. Rf5 Ba7 33. Nd6 Bb8 34. Ba3 Nd4 35. Rf4 Nb5 36. Nxe8 Bxf4+ 37. g3 Bd2
38. Bc5 Bxa5 39. c4 Nc7 40. Nd6 b6 41. Ba3 c5 42. Nb7 Bc3 43. Nd6 Bd4 44.
Ne4 f5 45. Nd6 g6 46. Nb7 Kf7 47. b4 Ne6 48. bxc5 Bxc5 49. Bxc5 bxc5 50.
Kg2 Ke7 51. Kf2 Kd7 52. Ke3 Kc6 53. Na5+ Kb6 54. Nb3 a5 55. Nd2 a4 56. Kd3
f4 57. g4 Nd4 58. Kc3 f3 59. Kb2 f2 60. Ka3 Ka5 61. Nf1 h5 62. gxh5 gxh5
63. Ng3 h4 64. Nf1 Ne2 65. Ka2 Ng3 66. Nh2 f1=Q 67. Nxf1 Nxf1 68. Ka3 Ne3
69. Ka2 Kb4 70. Ka1 Kxc4 71. Ka2 Kd3 72. Ka3 c4 73. Kxa4 Kd2 74. Kb5 c3 75.
Kc5 c2 76. Kd6 c1=Q 77. Ke6 Qc4+ 78. Kf6 Qd5 79. Ke7 Qc6 80. Kd8 Qb7 81.
Ke8 Qc7 82. Kf8 Qd7 83. Kg8 Qe7 84. Kh8 Kd3 85. Kg8 Ke4 86. Kh8 Kf5 87. Kg8
Kg6 88. Kh8 Qg7# { White checkmated } 0-1

[Event "ICC tourney 2594 (40 10)"]
[Site "Internet Chess Club"]
[Date "2021.06.05"]
[Round "1"]
[White "KASHYAP, MAHATI B:mnm1"]
[Black "GOLI, SRIMAN:awakeflood"]
[Result "0-1"]
[ICCResult "White checkmated"]
[WhiteElo "1560"]
[BlackElo "1805"]
[Opening "French: Tarrasch, closed variation"]
[ECO "C05"]
[NIC "FR.16"]
[Time "12:07:25"]
[PlyCount "94"]
[TimeControl "2400+10"]

1. e4 e6 2. d4 d5 3. Nd2 Nf6 4. e5 Nfd7 5. f4 c5 6. c3 Nc6 7. Ndf3 Qb6 8.
Ne2 Be7 9. g3 O-O 10. Bg2 f6 11. Qd3 fxe5 12. fxe5 cxd4 13. cxd4 Nb4 14.
Qb3 a5 15. a3 a4 16. Qd1 Nc6 17. Qd3 Qd8 18. O-O Nb6 19. Nf4 Bd7 20. Bh3
Qc8 21. Be3 Nc4 22. Rab1 N6a5 23. Nd2 b5 24. Rfc1 Qa6 25. Nxd5 exd5 26.
Bxd7 Rad8 27. e6 Nc6 28. Nxc4 dxc4 29. Qe4 Nb8 30. Qd5 Nxd7 31. exd7+ Rf7
32. Rf1 Bf6 33. Bg5 Rxd7 34. Qe4 Rfe7 35. Qf5 Bxd4+ 36. Kg2 Qc6+ 37. Kh3
Rf7 38. Rbe1 Qc8 39. Qc2 Rxf1 40. Rxf1 Rf7+ 41. Kg2 Qc6+ 42. Kh3 Qe6+ 43.
Kg2 Qd5+ 44. Kh3 Rxf1 45. Bf4 Rxf4 46. gxf4 Qf3+ 47. Kh4 Bf6# { White
checkmated } 0-1

[Event "ICC tourney 2594 (40 10)"]
[Site "Internet Chess Club"]
[Date "2021.06.05"]
[Round "1"]
[White "Gyorgy, Zalan:z88"]
[Black "AYYAPPAN, SANTHOSH:SanthoshA"]
[Result "0-1"]
[ICCResult "White checkmated"]
[WhiteElo "1499"]
[BlackElo "1708"]
[Opening "Ruy Lopez: closed"]
[ECO "C90"]
[NIC "RL.19"]
[Time "11:48:19"]
[PlyCount "156"]
[TimeControl "2400+10"]

1. e4 e5 2. Nf3 Nc6 3. Bb5 a6 4. Ba4 Nf6 5. O-O Be7 6. Re1 b5 7. Bb3 d6 8.
h3 Na5 9. c3 Nxb3 10. Qxb3 Be6 11. Qc2 c5 12. d3 O-O 13. Nbd2 Nd7 14. Nf1
f5 15. Ng3 f4 16. Ne2 Qe8 17. d4 Qg6 18. Kh2 Rac8 19. Qd3 Bc4 20. Qb1 Be6
21. Rg1 Nf6 22. dxe5 dxe5 23. Nxe5 Qh5 24. Nf3 Bxh3 25. Nxf4 Bd6 26. e5
Bxe5 27. gxh3 Qxf3 28. Qf5 Qxf2+ 29. Rg2 Bxf4+ 30. Bxf4 Ng4+ 31. Qxg4 Qxf4+
32. Qxf4 Rxf4 33. Re1 Kf7 34. Rd2 Rc7 35. Kg3 Rf6 36. h4 Re6 37. Rf1+ Ke7
38. Kg4 Rcc6 39. h5 Re4+ 40. Kg5 h6+ 41. Kf5 Ree6 42. Kg4 g5 43. Rf5 c4 44.
Rfd5 Rcd6 45. Rxd6 Rxd6 46. Re2+ Re6 47. Rf2 Re4+ 48. Kg3 Rh4 49. Re2+ Kd7
50. Rd2+ Kc7 51. Rh2 Rxh2 52. Kxh2 Kd6 53. Kg3 Ke5 54. Kf3 Kf5 55. Kg3 Ke4
56. Kg4 Kd3 57. Kf5 Kc2 58. Kg6 g4 59. Kxh6 g3 60. Kg6 g2 61. h6 g1=Q+ 62.
Kh7 Kxb2 63. a4 bxa4 64. Kh8 Qh2 65. h7 Qxh7+ 66. Kxh7 a3 67. Kg7 a2 68.
Kf6 a1=Q 69. Ke6 Qa5 70. Kd6 Qb5 71. Ke6 a5 72. Kd6 a4 73. Ke6 a3 74. Kd6
a2 75. Ke6 a1=Q 76. Kd6 Qaa6+ 77. Ke7 Qbb7+ 78. Kd8 Qaa8# { White
checkmated } 0-1

[Event "ICC tourney 2594 (40 10)"]
[Site "Internet Chess Club"]
[Date "2021.06.05"]
[Round "1"]
[White "CHRISNEY, ADAM RENFRO:arenfroc"]
[Black "Kumar, Agrim:agrimjax1"]
[Result "0-1"]
[ICCResult "White resigns"]
[WhiteElo "1749"]
[BlackElo "1517"]
[Opening "Sicilian"]
[ECO "B55"]
[NIC "SI.01"]
[Time "12:06:42"]
[PlyCount "48"]
[TimeControl "2400+10"]

1. e4 c5 2. Nf3 d6 3. d4 cxd4 4. Nxd4 Nf6 5. Bd3 a6 6. O-O e6 7. Be3 Be7 8.
c4 O-O 9. Nc3 Bd7 10. Rc1 Qc7 11. h3 Nc6 12. Nce2 Rac8 13. b3 Rfe8 14. Ng3
Bf8 15. f4 e5 16. Nf3 exf4 17. Bxf4 Ne5 18. Bb1 Bc6 19. Kh1 Qd7 20. Nd4 Ng6
21. Ndf5 Nxe4 22. Nxe4 Bxe4 23. Nxd6 Bxd6 24. Bxd6 Qxh3+ { White resigns }
0-1

[Event "ICC tourney 2594 (40 10)"]
[Site "Internet Chess Club"]
[Date "2021.06.05"]
[Round "1"]
[White "VATS, ATIKSH:avats"]
[Black "LI, EMMA:BulbasaurMaster"]
[Result "0-1"]
[ICCResult "White resigns"]
[WhiteElo "1593"]
[BlackElo "1399"]
[Opening "Giuoco Pianissimo"]
[ECO "C50"]
[NIC "IG.02"]
[Time "12:06:43"]
[PlyCount "122"]
[TimeControl "2400+10"]

1. e4 e5 2. Nf3 Nc6 3. Bc4 Bc5 4. d3 Nf6 5. O-O d6 6. h3 h6 7. Nc3 O-O 8.
Be3 Bb6 9. a3 Be6 10. Ba2 Qd7 11. Qd2 Rad8 12. d4 exd4 13. Nxd4 Bxa2 14.
Rxa2 Rfe8 15. f3 d5 16. Nxc6 Qxc6 17. Bxb6 Qxb6+ 18. Qf2 Qxf2+ 19. Rxf2
dxe4 20. fxe4 Nxe4 21. Nxe4 Rxe4 22. Ra1 Red4 23. Raf1 f6 24. Re2 Rd2 25.
Rfe1 Rxe2 26. Rxe2 Kf7 27. Kf2 Rd6 28. Kf3 Re6 29. Rd2 Rd6 30. Re2 Re6 31.
Rd2 Ke7 32. Kf2 Rb6 33. c3 Rd6 34. Re2+ Re6 35. Rd2 Rd6 36. Re2+ Kf7 37.
Kf3 Rd7 38. Kf2 Kg6 39. Kf3 Kf5 40. Kg3 g5 41. Kf3 Rd3+ 42. Kf2 Kf4 43. Rc2
h5 44. Re2 g4 45. hxg4 hxg4 46. Rc2 f5 47. Ke2 Ke4 48. Rc1 f4 49. Rc2 f3+
50. gxf3+ gxf3+ 51. Kf2 Kf4 52. c4 c5 53. Ke1 Ke3 54. a4 Rd4 55. Rc3+ Kf4
56. b3 Kg3 57. Rc2 Rd3 58. Rb2 Re3+ 59. Kf1 Rc3 60. Rb1 Rc2 61. Re1 Rh2 {
White resigns } 0-1

[Event "ICC tourney 2594 (40 10)"]
[Site "Internet Chess Club"]
[Date "2021.06.05"]
[Round "2"]
[White "Manley, Nicholas:NickManley1987"]
[Black "TREY, JUSTIN:Justin-T"]
[Result "0-1"]
[ICCResult "White resigns"]
[WhiteElo "1366"]
[BlackElo "1695"]
[Opening "Scotch gambit: Dubois-Réti defense"]
[ECO "C55"]
[NIC "KP.02"]
[Time "13:33:50"]
[PlyCount "46"]
[TimeControl "2400+10"]

1. e4 e5 2. Nf3 Nc6 3. Bc4 Nf6 4. d4 exd4 5. e5 Ng4 6. Bxf7+ Kxf7 7. Ng5+
Kg8 8. Qxg4 Nxe5 9. Qxd4 Nf7 10. Qc4 Qe7+ 11. Be3 c6 12. O-O d5 13. Qh4 h6
14. Qh5 hxg5 15. Qf3 Ne5 16. Qe2 g4 17. Re1 Ng6 18. Qd2 Qc7 19. g3 Bd6 20.
Nc3 Ne5 21. Qe2 Nf3+ 22. Kg2 Rxh2+ 23. Kf1 Qf7 { White resigns } 0-1

[Event "ICC tourney 2594 (40 10)"]
[Site "Internet Chess Club"]
[Date "2021.06.05"]
[Round "2"]
[White "Mehta, Vishal:mehtvi2"]
[Black "WANG, YUANZHE:yogokings12"]
[Result "0-1"]
[ICCResult "White resigns"]
[WhiteElo "1899"]
[BlackElo "1588"]
[Opening "English: symmetrical, Botvinnik system"]
[ECO "B20"]
[NIC "EO.30"]
[Time "13:33:40"]
[PlyCount "41"]
[TimeControl "2400+10"]

1. e4 c5 2. c4 g6 3. Nc3 Nc6 4. g3 Bg7 5. Bg2 e6 6. Nge2 Nge7 7. O-O O-O 8.
d3 b6 9. a3 Bb7 10. Rb1 Nd4 11. Be3 Nxe2+ 12. Nxe2 d5 13. f4 Qc7 14. f5
gxf5 15. exf5 Nxf5 16. Bf4 Qd7 17. g4 Nh4 18. cxd5 Nxg2 19. Kxg2 Qxd5+ 20.
Kf2 Rad8 21. Be3 { White resigns } 0-1

[Event "ICC tourney 2594 (40 10)"]
[Site "Internet Chess Club"]
[Date "2021.06.05"]
[Round "2"]
[White "WEI, ROBERT FANJUN:CaptureFunny"]
[Black "VATS, ATIKSH:avats"]
[Result "0-1"]
[ICCResult "White resigns"]
[WhiteElo "750"]
[BlackElo "1593"]
[Opening "French: Steinitz variation"]
[ECO "C11"]
[NIC "FR.04"]
[Time "13:33:51"]
[PlyCount "78"]
[TimeControl "2400+10"]

1. e4 e6 2. d4 d5 3. Nc3 Nf6 4. e5 Nfd7 5. Nf3 c5 6. Bd3 Nc6 7. Bb5 Qb6 8.
Bxc6 bxc6 9. O-O cxd4 10. Qxd4 Qxd4 11. Nxd4 Nxe5 12. Bf4 Ng6 13. Bc7 Bd7
14. Na4 c5 15. Nc3 cxd4 16. Ne2 Bc5 17. Rab1 O-O 18. b3 Bb5 19. Rfe1 Bb4
20. c3 dxc3 21. Rbc1 Bxe2 22. Rxe2 Rac8 23. Bg3 d4 24. Ree1 d3 25. Red1 c2
26. Rxd3 Ba3 27. Rdd1 cxd1=Q+ 28. Rxd1 Rc1 29. Rxc1 Bxc1 30. Kf1 f5 31. Ke2
f4 32. Kd1 fxg3 33. Kxc1 gxh2 34. Kd2 h1=Q 35. Ke2 Qxg2 36. Kd3 Ne5+ 37.
Kc3 Rc8+ 38. Kb4 Qb7+ 39. Ka3 Nd3 { White resigns } 0-1

[Event "ICC tourney 2594 (40 10)"]
[Site "Internet Chess Club"]
[Date "2021.06.05"]
[Round "2"]
[White "LAUSER, JESSICA T:Shakhmatova"]
[Black "WU, JONATHAN ZUANXU:wulovechess"]
[Result "1-0"]
[ICCResult "Black resigns"]
[WhiteElo "1691"]
[BlackElo "1588"]
[Opening "Danish gambit: Sorensen defense"]
[ECO "C21"]
[NIC "KP.04"]
[Time "13:34:05"]
[PlyCount "55"]
[TimeControl "2400+10"]

1. e4 e5 2. d4 exd4 3. c3 d5 4. e5 f6 5. cxd4 fxe5 6. Be3 exd4 7. Qxd4 Nc6
8. Bb5 Bd6 9. Qxg7 Qf6 10. Bh6 Qe5+ 11. Ne2 Bd7 12. f4 Qf6 13. Qxf6 Nxf6
14. Bg7 Rg8 15. Bxf6 Rxg2 16. Nbc3 Nb4 17. Bxd7+ Kxd7 18. O-O-O Nxa2+ 19.
Nxa2 Rxe2 20. Rxd5 c6 21. Rd3 Rg8 22. Nc3 Reg2 23. Ne4 Rg1+ 24. Rxg1 Rxg1+
25. Kc2 Rg2+ 26. Kb3 Rxh2 27. Rxd6+ Ke8 28. Ng5 { Black resigns } 1-0

[Event "ICC tourney 2594 (40 10)"]
[Site "Internet Chess Club"]
[Date "2021.06.05"]
[Round "2"]
[White "GOLI, SRIMAN:awakeflood"]
[Black "ZHANG, FRED:Fredzhang"]
[Result "1-0"]
[ICCResult "Black checkmated"]
[WhiteElo "1805"]
[BlackElo "1570"]
[Opening "Sicilian: Richter-Rauzer"]
[ECO "B60"]
[NIC "SI.27"]
[Time "13:33:38"]
[PlyCount "85"]
[TimeControl "2400+10"]

1. e4 c5 2. Nf3 d6 3. d4 cxd4 4. Nxd4 Nf6 5. Nc3 Nc6 6. Bg5 Nxd4 7. Qxd4 e5
8. Qd2 Be6 9. Bb5+ Bd7 10. O-O-O Be7 11. f3 O-O 12. Bxd7 Qxd7 13. Bxf6 Bxf6
14. Qxd6 Bg5+ 15. Kb1 Qxd6 16. Rxd6 Rad8 17. Rhd1 a6 18. Rd7 b5 19. R7d6 a5
20. Rxd8 Rxd8 21. Rxd8+ Bxd8 22. Nxb5 f6 23. c4 Bb6 24. Kc2 Kf7 25. Kb3 Ke6
26. Ka4 Kd7 27. c5 Kc6 28. cxb6 Kxb6 29. Nd6 g6 30. Nc4+ Ka6 31. Nxa5 Kb6
32. Nc4+ Kc6 33. b4 Kb7 34. b5 Ka7 35. Ka5 Kb7 36. Nd6+ Ka7 37. b6+ Kb8 38.
b7 Kc7 39. a4 Kb8 40. Kb6 f5 41. a5 g5 42. a6 h6 43. a7# { Black checkmated
} 1-0

[Event "ICC tourney 2594 (40 10)"]
[Site "Internet Chess Club"]
[Date "2021.06.05"]
[Round "2"]
[White "Hanke, Harvey:ThinkingPanda"]
[Black "SHAMIRIAN, VARTAN:bluegreenz"]
[Result "0-1"]
[ICCResult "White checkmated"]
[WhiteElo "1464"]
[BlackElo "1758"]
[Opening "Caro-Kann: Tartakower (fantasy) variation"]
[ECO "B12"]
[NIC "CK.02"]
[Time "13:33:41"]
[PlyCount "116"]
[TimeControl "2400+10"]

1. e4 c6 2. d4 d5 3. f3 dxe4 4. fxe4 e5 5. Nf3 exd4 6. Bc4 Be6 7. Bxe6 fxe6
8. O-O Qb6 9. Kh1 Nd7 10. Ng5 Ngf6 11. Nxe6 c5 12. Ng5 h6 13. Nf3 Nxe4 14.
Re1 Nf6 15. Nbd2 Qe6 16. Nxe4 Nxe4 17. Qe2 O-O-O 18. Qxe4 Qxe4 19. Rxe4 Bd6
20. Bf4 Bxf4 21. Rxf4 Rhe8 22. Rf1 Re2 23. Ne1 Rde8 24. Rf8 Rxe1 25. Rxe1
Rxf8 26. Kg1 Kd7 27. g3 Kd6 28. Kg2 Rf7 29. Re4 Re7 30. Rf4 g5 31. Rf6+ Re6
32. Rf2 b5 33. Kf1 a5 34. Rf8 c4 35. Rd8+ Kc5 36. Rf8 Rd6 37. a3 b4 38.
Rf5+ Rd5 39. axb4+ axb4 40. Rf6 Rd6 41. Rf5+ Kc6 42. Ke2 d3+ 43. Kd2 c3+
44. bxc3 bxc3+ 45. Kxc3 d2 46. Rf1 d1=Q 47. Rxd1 Rxd1 48. Kc4 Rd2 49. c3
Rxh2 50. Kd4 Rg2 51. g4 Rxg4+ 52. Ke5 Rf4 53. Ke6 h5 54. Ke5 h4 55. Ke6 h3
56. Ke5 h2 57. Ke6 h1=Q 58. Ke5 Qd5# { White checkmated } 0-1

[Event "ICC tourney 2594 (40 10)"]
[Site "Internet Chess Club"]
[Date "2021.06.05"]
[Round "2"]
[White "KHAIS, STEVEN:methodX17"]
[Black "LIAO, CONNOR:che2468"]
[Result "1-0"]
[ICCResult "Black checkmated"]
[WhiteElo "1509"]
[BlackElo "1398"]
[Opening "Sicilian"]
[ECO "B56"]
[NIC "SI.25"]
[Time "13:33:50"]
[PlyCount "107"]
[TimeControl "2400+10"]

1. e4 c5 2. Nf3 d6 3. d4 cxd4 4. Nxd4 Nf6 5. Nc3 Nc6 6. Nxc6 bxc6 7. Bd3
Bd7 8. O-O e6 9. Bg5 Be7 10. Re1 O-O 11. Ne2 Rb8 12. b3 Qc7 13. f4 h6 14.
Bh4 c5 15. e5 Nd5 16. Bxe7 Nxe7 17. exd6 Qb6 18. dxe7 Rfe8 19. Kh1 Rxe7 20.
Ng3 Qc7 21. f5 Ree8 22. fxe6 Bxe6 23. Qf3 Re7 24. Nf5 Rd7 25. Qg3 Qxg3 26.
Nxg3 Re8 27. Bb5 Red8 28. Bxd7 Rxd7 29. Rad1 Bd5 30. Ne4 Kf8 31. Nc3 Be6
32. Rxd7 Bxd7 33. Na4 c4 34. Nc5 Bb5 35. a4 Bc6 36. bxc4 f6 37. Ne6+ Kf7
38. Nd8+ Kg8 39. Nxc6 Kf7 40. Nxa7 Kg8 41. Nc6 Kh7 42. a5 f5 43. a6 f4 44.
a7 f3 45. gxf3 h5 46. a8=Q h4 47. Na5 h3 48. Qe4+ Kg8 49. Qg4 Kf8 50. Rd1
Kf7 51. Rd7+ Kf6 52. Qxg7+ Kf5 53. Rf7+ Ke6 54. Qf6# { Black checkmated }
1-0

[Event "ICC tourney 2594 (40 10)"]
[Site "Internet Chess Club"]
[Date "2021.06.05"]
[Round "2"]
[White "GRESEN, EVAN MICHAEL:EVMIGR"]
[Black "XIAO, MARINA:marinaxiao"]
[Result "1/2-1/2"]
[ICCResult "Game drawn by repetition"]
[WhiteElo "1628"]
[BlackElo "1481"]
[Opening "Sicilian defense"]
[ECO "B20"]
[NIC "SI.48"]
[Time "13:33:42"]
[PlyCount "51"]
[TimeControl "2400+10"]

1. e4 c5 2. Bc4 e6 3. Nc3 Nc6 4. Nge2 Nf6 5. d3 d5 6. exd5 exd5 7. Bb3 Be7
8. O-O O-O 9. Ng3 Be6 10. Re1 a6 11. a4 Qc7 12. Nh5 Nxh5 13. Qxh5 c4 14.
dxc4 dxc4 15. Ba2 Nd4 16. Be3 Nxc2 17. Bb1 g6 18. Qh6 Nxe1 19. Bd4 f6 20.
Bxg6 hxg6 21. Qxg6+ Kh8 22. Qh6+ Kg8 23. Qg6+ Kh8 24. Qh6+ Kg8 25. Qg6+ Kh8
26. Qh6+ { Game drawn by repetition } 1/2-1/2

[Event "ICC tourney 2594 (40 10)"]
[Site "Internet Chess Club"]
[Date "2021.06.05"]
[Round "2"]
[White "JIN, DAVID:smartgoldfish"]
[Black "BOYINEPALLY, KIRAN:BoyinK-99"]
[Result "0-1"]
[ICCResult "White checkmated"]
[WhiteElo "1461"]
[BlackElo "1569"]
[Opening "Sicilian defense"]
[ECO "B40"]
[NIC "SI.43"]
[Time "13:33:50"]
[PlyCount "86"]
[TimeControl "2400+10"]

1. e4 c5 2. Nf3 e6 3. g3 Nc6 4. Bg2 Qc7 5. O-O Nf6 6. Re1 e5 7. d3 Be7 8.
c3 d6 9. d4 cxd4 10. cxd4 Bg4 11. d5 Nd4 12. Nc3 O-O 13. Be3 Nxf3+ 14. Bxf3
Bd7 15. Rc1 b6 16. Bg2 Ng4 17. Bd2 f5 18. f4 Qc5+ 19. Be3 Nxe3 20. Na4
Nxd1+ 21. Nxc5 bxc5 22. Rcxd1 exf4 23. exf5 Bf6 24. g4 Bxb2 25. Re7 Rf7 26.
Rxf7 Kxf7 27. Rb1 Rb8 28. Kh1 c4 29. Be4 c3 30. Bc2 Rb4 31. Rg1 Ba4 32. Rg2
Bxc2 33. Rxc2 Rd4 34. Rf2 Rd1+ 35. Kg2 Rd2 36. Kf1 Rxf2+ 37. Kxf2 c2 38.
Ke2 c1=Q 39. a4 Qe3+ 40. Kd1 Qf2 41. h4 Bc3 42. Kc1 Qd2+ 43. Kb1 Qb2# {
White checkmated } 0-1

[Event "ICC tourney 2594 (40 10)"]
[Site "Internet Chess Club"]
[Date "2021.06.05"]
[Round "2"]
[White "OPASKA, MICHAEL:mopaska1106"]
[Black "EISENMAN, KATHERINE:kgeisenman32"]
[Result "1-0"]
[ICCResult "Black resigns"]
[WhiteElo "1898"]
[BlackElo "1522"]
[Opening "QGD Slav: 3.Nf3"]
[ECO "D11"]
[NIC "SL.01"]
[Time "13:33:46"]
[PlyCount "69"]
[TimeControl "2400+10"]

1. d4 d5 2. c4 c6 3. Nf3 Nf6 4. g3 Bf5 5. Bg2 e6 6. O-O dxc4 7. Ne5 Nbd7 8.
Nxc4 Nb6 9. Ne5 Bd6 10. Nc3 O-O 11. e4 Bg6 12. Nxg6 hxg6 13. e5 Bc7 14.
exf6 Qxf6 15. Ne4 Qe7 16. Nc5 Bd6 17. Qc2 Rfd8 18. Be3 Nd5 19. Bxd5 cxd5
20. Rac1 Rac8 21. Qa4 b6 22. Nd3 Qb7 23. Rfe1 b5 24. Qd1 Qa6 25. Nc5 Bxc5
26. Rxc5 Rxc5 27. dxc5 Qxa2 28. Bd4 a5 29. Qd2 b4 30. c6 Qa4 31. c7 Rc8 32.
Rc1 Qb5 33. Qg5 Qd7 34. Bb6 a4 35. Qd8+ { Black resigns } 1-0

[Event "ICC tourney 2594 (40 10)"]
[Site "Internet Chess Club"]
[Date "2021.06.05"]
[Round "2"]
[White "THOMAS, MICHAEL G:chesslin"]
[Black "Gyorgy, Zalan:z88"]
[Result "0-1"]
[ICCResult "White resigns"]
[WhiteElo "1728"]
[BlackElo "1499"]
[Opening "Queen's pawn, Mason variation, Steinitz counter-gambit"]
[ECO "D00"]
[NIC "QP.08"]
[Time "13:33:50"]
[PlyCount "48"]
[TimeControl "2400+10"]

1. d4 d5 2. Bf4 c5 3. e3 Nc6 4. c3 Bf5 5. Nd2 e6 6. Ngf3 Nf6 7. Bb5 Qb6 8.
Qa4 a6 9. c4 Bd3 10. Ne5 Bxc4 11. Bxc6+ bxc6 12. Ndxc4 dxc4 13. O-O Qb5 14.
Qc2 Be7 15. Rfc1 cxd4 16. exd4 Nd5 17. Bd2 O-O 18. Qxc4 Qxb2 19. Qd3 c5 20.
Nc6 Bd6 21. Rcb1 c4 22. Rxb2 cxd3 23. g3 Rfc8 24. Rc1 Ba3 { White resigns }
0-1

[Event "ICC tourney 2594 (40 10)"]
[Site "Internet Chess Club"]
[Date "2021.06.05"]
[Round "2"]
[White "SHANMUGAM, MEERA:artistqueen"]
[Black "CAREY, MICHAEL P:xyzchessdude"]
[Result "0-1"]
[ICCResult "White checkmated"]
[WhiteElo "1468"]
[BlackElo "1893"]
[Opening "Sicilian"]
[ECO "B56"]
[NIC "SI.25"]
[Time "13:33:49"]
[PlyCount "68"]
[TimeControl "2400+10"]

1. e4 c5 2. Nf3 Nc6 3. d4 cxd4 4. Nxd4 Nf6 5. Nc3 d6 6. f3 e5 7. Ndb5 a6 8.
Na3 b5 9. Nd5 Nxd5 10. exd5 Nb8 11. Be3 Be7 12. Qd2 O-O 13. O-O-O f5 14. f4
Nd7 15. fxe5 Nxe5 16. Bf4 Ng6 17. Kb1 Nxf4 18. Qxf4 Bf6 19. Bd3 Be5 20. Qf3
Qa5 21. g4 Qb4 22. c3 Bxc3 23. Qf2 Be5 24. gxf5 Bxf5 25. Bxf5 Rxf5 26. Qc2
Raf8 27. Qd2 Qe4+ 28. Ka1 Rf2 29. Qd3 Qxd3 30. Rxd3 Rxb2 31. Rhd1 Rb4+ 32.
Rd4 Bxd4+ 33. Rxd4 Rf1+ 34. Nb1 Rfxb1# { White checkmated } 0-1

[Event "ICC tourney 2594 (40 10)"]
[Site "Internet Chess Club"]
[Date "2021.06.05"]
[Round "2"]
[White "BRUDNO, STEPHEN:StevChess01"]
[Black "Musku, Himani:Chess121"]
[Result "1/2-1/2"]
[ICCResult "Game drawn because neither player has mating material"]
[WhiteElo "1576"]
[BlackElo "1469"]
[Opening "QGD: exchange, positional line"]
[ECO "D35"]
[NIC "QO.16"]
[Time "13:33:45"]
[PlyCount "117"]
[TimeControl "2400+10"]

1. d4 d5 2. c4 e6 3. Nc3 Nf6 4. cxd5 exd5 5. Bg5 Be7 6. e3 O-O 7. Bd3 c6 8.
Qc2 h6 9. Bh4 Re8 10. Bg3 Bd6 11. Bxd6 Qxd6 12. Nf3 Bg4 13. Ne5 Nbd7 14. h3
Be6 15. f4 c5 16. O-O cxd4 17. exd4 Qb6 18. Qf2 a6 19. f5 Nxe5 20. dxe5
Qxf2+ 21. Rxf2 Nd7 22. fxe6 fxe6 23. Bg6 Rf8 24. Rxf8+ Rxf8 25. Re1 Nc5 26.
b4 Nd7 27. Na4 Rf4 28. Nc5 Nf8 29. a3 Nxg6 30. Nxe6 Re4 31. Rxe4 dxe4 32.
Nc5 Nxe5 33. Nxb7 Nc4 34. Nc5 Nxa3 35. Nxa6 Kf7 36. Kf2 Kf6 37. Ke3 Ke5 38.
Nb8 Nc2+ 39. Kd2 Nxb4 40. Kc3 Nd5+ 41. Kd2 Nf4 42. Nc6+ Kd6 43. Nd4 Nxg2
44. Nf5+ Kd5 45. Nxg7 e3+ 46. Ke2 Ke4 47. h4 Nxh4 48. Ne8 Nf5 49. Nf6+ Kf4
50. Nd5+ Kg3 51. Nf6 Kh4 52. Kf3 Kg5 53. Ne4+ Kg6 54. Nc3 h5 55. Kf4 Kh6
56. Kxf5 h4 57. Kg4 h3 58. Kxh3 e2 59. Nxe2 { Game drawn because neither
player has mating material } 1/2-1/2

[Event "ICC tourney 2594 (40 10)"]
[Site "Internet Chess Club"]
[Date "2021.06.05"]
[Round "2"]
[White "ZHU, RYAN:Ryan123455"]
[Black "AMBATI, JASWANT REDDY:AJRChess2011"]
[Result "0-1"]
[ICCResult "White resigns"]
[WhiteElo "1739"]
[BlackElo "1510"]
[Opening "Sicilian defense"]
[ECO "B34"]
[NIC "SI.34"]
[Time "13:33:46"]
[PlyCount "36"]
[TimeControl "2400+10"]

1. e4 c5 2. Nf3 Nc6 3. d4 cxd4 4. Nxd4 Nf6 5. Nc3 g6 6. Be3 Bg7 7. f3 O-O
8. Bc4 Qb6 9. Qd3 Ne5 10. Qe2 Qxb2 11. O-O Qxc3 12. Bb3 Neg4 13. fxg4 Nxg4
14. Bf2 Nxf2 15. Nb5 Qc5 16. Qxf2 Qxb5 17. Rad1 d6 18. Rd5 Qb4 { White
resigns } 0-1